 Dungeon Crawl Stone Soup version 0.31-a0-188-g5e087ee2ca (webtiles) character file.

Game seed: 4933185520283340846

16 qw the Shooter (level 2, 0/16 HPs)
             Began as a Deep Elf Hunter on June 23, 2023.
             Slain by a frilled lizard (1 damage)
             ... on level 2 of the Dungeon.
             The game lasted 00:00:12 (466 turns).

qw the Shooter (Deep Elf Hunter)                     Turns: 466, Time: 00:00:13

Health: 0/16       AC:  3    Str:  8    XL:     2   Next: 41%
Magic:  4/4        EV: 12    Int: 13    God:
Gold:   98         SH:  0    Dex: 18    Spells: 1/1 levels left

rFire   . . .        Y - +0 shortbow
rCold   . . .        (shield currently unavailable)
rNeg    . . .        c - +0 leather armour
rPois   .            (no helmet)
rElec   .            (no cloak)
rCorr   .            (no gloves)
SInv    .            (no boots)
Will    .....        f - amulet of faith
Stlth   ++           (no ring)
HPRegen 0.22/turn    (no ring)
MPRegen 0.09/turn

%: faith
@: no status effects
A: no striking features
a: no special abilities


You were on level 2 of the Dungeon.
You visited 1 branch of the dungeon, and saw 2 of its levels.

You collected 98 gold pieces.


   Skills:
 - Level 1.5 Fighting
 + Level 6.2 Ranged Weapons
 - Level 2.4 Dodging
 - Level 1.2 Stealth


You had one spell level left.
You didn't know any spells.
Your spell library was empty.

Inventory:

Hand Weapons
 Y - a +0 shortbow (weapon)
Armour
 c - a +0 leather armour (worn)
Jewellery
 f - an amulet of faith (around neck)
Scrolls
 a - a scroll of identify
Potions
 e - a potion of lignification {unknown}

Dungeon Overview and Level Annotations

Branches:
Dungeon (2/15)

Altars:


Message History

The frilled lizard hisses angrily.
The arrow hits the hobgoblin!
You kill the hobgoblin!
You shoot an arrow.
The arrow hits the quokka but does no damage.
You shoot an arrow. The arrow hits the quokka.
The quokka is heavily wounded.
The quokka closely misses you.
You shoot an arrow. The arrow closely misses the quokka.
The quokka bites you but does no damage.
You shoot an arrow. The arrow barely misses the quokka.
The quokka bites you. The ball python barely misses you. x2
The quokka bites you.
The ball python bites you but does no damage.
The ball python grabs you. The ball python constricts you.
You shoot an arrow.
The arrow closely misses the ball python.
The arrow completely misses the frilled lizard.
The quokka bites you. The ball python bites you.
The ball python constricts you.
The frilled lizard bites you but does no damage.
You shoot an arrow. The arrow hits the ball python.
The ball python is severely wounded.
The quokka bites you but does no damage.
The ball python bites you but does no damage.
The ball python constricts you. The frilled lizard closely misses you.
You shoot an arrow.
The arrow barely misses the ball python.
The quokka closely misses you. The ball python barely misses you.
The ball python constricts you. The frilled lizard bites you.
The quokka barely misses you. The ball python barely misses you.
The ball python constricts you.
You shoot an arrow.
The arrow closely misses the ball python.
The quokka bites you but does no damage.
The ball python bites you but does no damage.
The ball python constricts you. The frilled lizard barely misses you.
You shoot an arrow. The arrow hits the ball python!
You kill the ball python!
The quokka barely misses you. The frilled lizard bites you.
You die...

#. #.# ###. #..
..#####.>..
##.##........##
#.....#.......#
..........(....
...............
.......rl......
.......@%.....#
..............#
........$.?....
.....%.......##
#.....#.....##
#############


You could see a quokka and a frilled lizard.

Vanquished Creatures
  3 ball pythons
  An endoplasm (D:1)
  A giant cockroach (D:1)
  A hobgoblin (D:2)
  5 bats (D:1)
  2 frilled lizards (D:1)
  2 goblins (D:1)
  A kobold (D:1)
  2 rats (D:1)
18 creatures vanquished.

Notes
Turn   | Place    | Note
-------+----------+-------------------------------------------
     0 | D:1      | qw the Deep Elf Hunter began the quest for the Orb.
     0 | D:1      | Reached XP level 1. HP: 12/12 MP: 3/3
     0 | D:1      | 0 ||| qw: Version: 0.3-a-9-g12657ce
     0 | D:1      | 0 ||| qw: Game counter: 3185
     0 | D:1      | 0 ||| qw: Always use a shield: true
     0 | D:1      | 0 ||| qw: God list: Okawaru
     0 | D:1      | 0 ||| qw: Allow faded altars: false
     0 | D:1      | 0 ||| qw: Do Orc after D:15 true
     0 | D:1      | 0 ||| qw: Do second Lair branch before Depths: true
     0 | D:1      | 0 ||| qw: Lair rune preference: random
     0 | D:1      | 0 ||| qw: Plans: Normal
     0 | D:1      | 0 ||| PLANNING D:1-11
   269 | D:1      | Reached XP level 2. HP: 16/16 MP: 4/4
   299 | D:1      | Reached skill level 6 in Ranged Weapons
   425 | D:1      | 425 ||| UPGRADING to amulet of faith.
   430 | D:1      | 430 ||| READING 2 scrolls labelled SENYEP KOM ZON.
   431 | D:1      | 431 ||| READING 2 scrolls labelled ELEEB BU TUESU.
   432 | D:1      | 432 ||| READING scroll labelled ZOYTSOMEVU.
   433 | D:1      | 433 ||| READING scroll labelled ARATRE ARYAH.
   438 | D:1      | 438 ||| DROPPING scroll of butterflies.
   439 | D:1      | 439 ||| DROPPING scroll of immolation.
   464 | D:2      | HP: 2/16 [frilled lizard (3)]
   466 | D:2      | Slain by a frilled lizard

Levels and vault maps discovered:
D:1:      saegor_arrival_simple_b, layout_rooms, roderic_serpentine_path,
          minmay_pentomino_w2
D:2:      layout_rooms, minmay_box_of_dots

Skill      XL: |  1  2 |
---------------+-------+-----
Ranged Weapons | 6 |  6.2
Fighting       | |  1.5
Dodging        | |  2.4
Stealth        | |  1.2

Action                     || total
---------------------------++-------
   Fire: Shortbow          ||    42
    Use: Scroll            ||     4
 Armour: Leather armour    ||     8
  Dodge: Dodged            ||    15

Table legend:
 A = Non-vault XP
 B = Vault XP
 C = Vault XP percentage of total XP
 D = Non-vault monster count
 E = Vault monster count
 F = Vault count percentage of total count
                 A         B        C        D         E       F
            +---------+---------+-------+---------+---------+-------
      Total |      25 |       1 |   3.8 |      17 |       1 |   5.6
            +---------+---------+-------+---------+---------+-------
        D:1 |      21 |       1 |   4.5 |      15 |       1 |   6.2
        D:2 |       4 |       0 |   0.0 |       2 |       0 |   0.0
            +---------+---------+-------+---------+---------+-------
